AoeStats
← Simple Jack, u mad?

Oasis

507042852Analyzed
4v4 RM · 17d ago on Sep 16, 2026· 27m 40s· 8 players
Game mode
Random Map
Map size
Large (8 player)
Population
200
Speed
Normal
Resources
Standard
Victory
Conquest
Starting age
Dark Age
Ending age
Imperial Age
RankedLock teamsTeams togetherTeam positionsShared explorationLock speedFull tech treeHidden civsTurbo modeCheats
Victory
Defeat
🇬🇧 Aztecs · United Kingdom
1590
+12
🇸🇪 Poles · Sweden
1576
+13
🇨🇳 Gurjaras · China
1563
+13
🇦🇺 Ethiopians · Australia
1554
+15
🇵🇪 Vietnamese · Peru
1654
-18
🇪🇸 Saracens · Spain
1493
-13
🇫🇷 Persians · France
1446
-11
🇭🇰 Cumans · Hong Kong SAR China
1439
-11
FC | The Finrod Felegund
3:10 Loom
9:30 Feudal Age
13:35 Town Watch
14:02 Fletching
18:34 Horse Collar
19:31 Town Watch
24:23 Castle Age
25:02 Bodkin Arrow
24:29 Crossbowman
Gene_Parmesan__
7:49 Loom
10:08 Feudal Age
10:24 Man-at-Arms
11:50 Double-Bit Axe
20:06 Castle Age
19:32 Scale Mail Armor
20:07 Eagle Warrior
21:25 Chain Mail Armor
23:52 Arson
24:49 Squires
Simple Jack, u mad?
5:11 Loom
9:52 Feudal Age
11:53 Scale Barding Armor
12:38 Horse Collar
12:47 Double-Bit Axe
17:08 Wheelbarrow
17:54 Forging
22:14 Castle Age
22:19 Bloodlines
22:26 Light Cavalry
24:24 Chain Barding Armor
25:24 Bow Saw
25:18 Heavy Plow
25:21 Husbandry
_EMA_001
11:32 Feudal Age
15:17 Castle Age
13:04 Horse Collar
13:42 Double-Bit Axe
16:33 Bow Saw
16:25 Heavy Plow
17:20 Wheelbarrow
21:17 Hand Cart
24:31 Bloodlines
24:22 Husbandry
25:05 Scale Barding Armor
26:26 Gold Mining
26:27 Stone Mining
27:45 Chain Barding Armor
27:35 Forging
Melquiades3959
7:10 Loom
9:41 Feudal Age
10:40 Double-Bit Axe
14:13 Horse Collar
16:45 Fletching
17:50 Wheelbarrow
21:53 Castle Age
20:30 Gold Mining
21:06 Padded Archer Armor
22:56 Bodkin Arrow
23:32 Bow Saw
22:43 Crossbowman
25:02 Thumb Ring
evi
10:05 Feudal Age
12:44 Scale Barding Armor
13:28 Horse Collar
16:11 Double-Bit Axe
16:37 Loom
22:55 Castle Age
21:33 Bloodlines
23:26 Forging
23:10 Gold Mining
24:16 Bow Saw
NoTrickPony
7:15 Loom
9:46 Feudal Age
12:41 Double-Bit Axe
13:02 Fletching
20:31 Horse Collar
25:02 Wheelbarrow
retaux
8:29 Feudal Age
9:18 Double-Bit Axe
10:01 Horse Collar
15:52 Bloodlines
15:48 Scale Barding Armor
17:20 Forging
18:41 Wheelbarrow
22:08 Castle Age
22:39 Gold Mining
22:17 Light Cavalry
23:18 Chain Barding Armor
23:01 Husbandry
23:13 Bow Saw
25:18 Gold Shaft Mining
25:11 Loom
25:12 Town Watch
Connection lost

Rejoining the realm…

Still unreachable

The connection could not be restored.

Session expired

The server has moved on; the page needs a fresh start.